 Dungeon Crawl Stone Soup version 0.31-a0-222-gefeffbb62a (webtiles) character file.

Game seed: 501917400471099358

12768 qw the Cleaver (level 11, -2/68 HPs)
             Began as a Gargoyle Fighter on July 4, 2023.
             Was an Elder of Okawaru.
             Slain by an eight-headed hydra (6 damage)
             ... on level 3 of the Lair of Beasts.
             The game lasted 00:06:00 (10549 turns).

qw the Cleaver (Gargoyle Fighter)                  Turns: 10549, Time: 00:06:01

Health: -2/68      AC: 26    Str: 24    XL:     11   Next: 98%
Magic:  17/17      EV:  8    Int:  9    God:    Okawaru [****..]
Gold:   496        SH: 12    Dex:  9    Spells: 10/10 levels left

rFire   . . .        i - +0 morningstar
rCold   + + .        p - +0 kite shield
rNeg    + . .        r - +1 plate armour {rC+}
rPois   inf          (no helmet)
rElec   +            (no cloak)
rCorr   +            c - +1 pair of gloves
SInv    .            (no boots)
Will    +....        (no amulet) Stlth
                     n - ring of resist corrosion
HPRegen 0.31/turn    b - ring of willpower
MPRegen 0.15/turn

%: no passive effects
@: about to teleport, heroic
A: sickness immunity, AC +8, negative energy resistance 1, electricity
resistance, torment resistance 1, petrification resistance, hooves 1, cold
resistance 1
a: Renounce Religion, Heroism, Finesse


You were on level 3 of the Lair of Beasts.
You worshipped Okawaru.
Okawaru was greatly pleased with you.
You visited 2 branches of the dungeon, and saw 12 of its levels.

You collected 678 gold pieces.
You spent 182 gold pieces at shops.


Innate Abilities, Weirdness & Mutations

You are immune to sickness and miasma.
Your stone body is resilient. (AC +8)
You are immune to poison.
You resist negative energy. (rN+)
You are resistant to electric shocks. (rElec)
You are resistant to unholy torment.
You are immune to petrification.
You have large cloven feet.
Your flesh is cold resistant. (rC+)


   Skills:
 - Level 8.0(13.0) Fighting
 - Level 11.0(16.0) Axes
 - Level 3.0(8.0) Throwing
 + Level 6.6(11.6) Armour
 - Level 1.0(6.0) Dodging
 - Level 9.5(14.5) Shields
 + Level 9.0 Invocations


You had 10 spell levels left.
You didn't know any spells.
Your spell library was empty.

Inventory:

Hand Weapons
 i - a +0 morningstar (weapon)
 Y - a +3 war axe of protection
Missiles
 j - 5 javelins
 m - 18 boomerangs (quivered)
Armour
 c - a +1 pair of gloves (worn)
 p - a +0 kite shield (worn)
 r - a +1 plate armour of cold resistance (worn)
Jewellery
 b - a ring of willpower (right hand)
 n - a ring of resist corrosion (left hand)
Scrolls
 a - 9 scrolls of identify
 f - 3 scrolls of teleportation
Potions
 d - 2 potions of might
 e - 3 potions of curing
 g - 2 potions of enlightenment
 k - 2 potions of cancellation
 l - 2 potions of mutation
 o - a potion of resistance

Dungeon Overview and Level Annotations

Branches:
Dungeon (9/15)             Temple (0/1) D:7            Lair (2/5) D:9
  Swamp: Lair:2-3    Shoals: Lair:2-3     Snake: Lair:2-3    Spider: Lair:2-3
    Orc: D:9-12

Altars:
Elyvilon
Nemelex Xobeh
Okawaru

Shops:
D:8 *

Portals:
Gauntlet: Lair:3

Annotations:
D:2 1 runed translucent door, Crazy Yiuf


Message History

The eight-headed hydra barely misses you.
The eight-headed hydra bites you.
The eight-headed hydra barely misses you.
The eight-headed hydra bites you but does no damage.
The eight-headed hydra bites you. The eight-headed hydra bites you!
The eight-headed hydra bites you.
The eight-headed hydra bites you but does no damage.
Your Invocations skill increases to level 9!
You sock the blink frog!
The blink frog is heavily wounded.
You block the blink frog's attack.
You block the eight-headed hydra's attack.
The eight-headed hydra bites you but does no damage. x2
You block the eight-headed hydra's attack.
The eight-headed hydra bites you but does no damage.
You block the eight-headed hydra's attack.
The eight-headed hydra bites you but does no damage. x2
The blink frog hits you but does no damage.
You miss the blink frog.
The blink frog is heavily wounded.
The blink frog blinks!
The elephant tramples you but does no damage.
The elephant closely misses you.
The elephant tramples you but does no damage.
The elephant barely misses you. You block the blink frog's attack.
You closely miss the blink frog. Your kick misses the blink frog.
The blink frog is heavily wounded.
The eight-headed hydra bites you! x2
The eight-headed hydra bites you but does no damage. x2
The eight-headed hydra bites you.
The eight-headed hydra bites you but does no damage. x3
The elephant tramples you but does no damage.
The elephant trunk-slaps you but does no damage.
10549 ||| READING 4 scrolls of teleportation.
As you read the scroll of teleportation, it crumbles to dust.
You feel strangely unstable. The eight-headed hydra bites you!
You block the eight-headed hydra's attack. x2
The eight-headed hydra bites you.
You die...

#..........#..
.............
..........\. #
...!..P.... #.
......#...
###..
.F.......
......#F...#
...PPPY@..#
#...P..DY.#
#...##.Y....#
### ###.......
.......
.....#P
....#..
###....


You could see an eight-headed hydra, 3 elephants and 2 blink frogs.

Vanquished Creatures
  A black mamba (Lair:1)
  A cane toad (Lair:1)
  A rime drake (Lair:2)
  A kobold demonologist (D:9)
  6 komodo dragons
  10 blink frogs
  Sigmund (D:4)
  3 wyverns
  A wraith (D:9)
  17 yaks
  3 basilisks
  2 steam dragons
  Menkaure (D:6)
  Edmund (D:4)
  Duvessa (D:4)
  6 water moccasins
  4 orc warriors
  2 ice beasts
  2 centaurs
  A phantom (D:7)
  5 kobold brigands
  2 scorpions
  5 bullfrogs
  2 gnoll sergeants
  5 wights (D:8)
  Dowan (D:4)
  14 killer bees (D:9)
  3 howler monkeys
  5 orc priests
  A hound (D:4)
  A gnoll bouda (D:8)
  Natasha (twice) (D:3)
  5 iguanas
  4 orc wizards
  14 gnolls
  An adder (D:2)
  A white imp (D:6)
  An ufetubus (D:4)
  3 dart slugs
  37 orcs
  2 ball pythons
  4 bats
  6 endoplasms
  6 giant cockroaches
  5 goblins
  11 hobgoblins
  3 jackals (D:5)
  5 quokkas
  4 frilled lizards
  27 kobolds
  6 rats
256 creatures vanquished.

Notes
Turn   | Place    | Note
-------+----------+-------------------------------------------
     0 | D:1      | qw the Gargoyle Fighter began the quest for the Orb.
     0 | D:1      | Reached XP level 1. HP: 14/14 MP: 1/1
     0 | D:1      | 0 ||| qw: Version: 0.3-a-46-gd5c204e
     0 | D:1      | 0 ||| qw: Game counter: 847
     0 | D:1      | 0 ||| qw: Melee chars always use a shield: true
     0 | D:1      | 0 ||| qw: God list: Okawaru
     0 | D:1      | 0 ||| qw: Allow faded altars: false
     0 | D:1      | 0 ||| qw: Do Orc after clearing Dungeon:15 true
     0 | D:1      | 0 ||| qw: Do second Lair branch before Depths: true
     0 | D:1      | 0 ||| qw: Lair rune preference: random
     0 | D:1      | 0 ||| qw: Goals: Normal, Zot:1-4, Slime:5, God:TSO, Crypt,
                  | Tomb, Abyss, Pan, Hells, Win
     0 | D:1      | 0 ||| qw: Version: 0.3-a-46-gd5c204e
     0 | D:1      | 0 ||| qw: Game counter: 848
     0 | D:1      | 0 ||| qw: Melee chars always use a shield: true
     0 | D:1      | 0 ||| qw: God list: Okawaru
     0 | D:1      | 0 ||| qw: Allow faded altars: false
     0 | D:1      | 0 ||| qw: Do Orc after clearing Dungeon:15 true
     0 | D:1      | 0 ||| qw: Do second Lair branch before Depths: true
     0 | D:1      | 0 ||| qw: Lair rune preference: random
     0 | D:1      | 0 ||| qw: Goals: Normal
     0 | D:1      | 0 ||| qw: Version: 0.3-a-46-gb1f654a
     0 | D:1      | 0 ||| qw: Game counter: 849
     0 | D:1      | 0 ||| qw: Melee chars always use a shield: true
     0 | D:1      | 0 ||| qw: God list: Okawaru
     0 | D:1      | 0 ||| qw: Allow faded altars: false
     0 | D:1      | 0 ||| qw: Do Orc after clearing Dungeon:15 true
     0 | D:1      | 0 ||| qw: Do second Lair branch before Depths: true
     0 | D:1      | 0 ||| qw: Lair rune preference: random
     0 | D:1      | 0 ||| qw: Goals: Normal
     0 | D:1      | 0 ||| PLANNING D:1-11
    36 | D:1      | 36 ||| PLANNING D:1-11
    74 | D:1      | Reached skill level 2 in Axes
   162 | D:1      | Reached XP level 2. HP: 19/19 MP: 2/2
   313 | D:1      | 313 ||| Stepping ~*~*~tactically~*~*~ (stealth).
   363 | D:1      | 363 ||| Stepping ~*~*~tactically~*~*~ (stealth).
   371 | D:1      | 371 ||| Stepping ~*~*~tactically~*~*~ (stealth).
   386 | D:1      | Reached skill level 3 in Axes
   649 | D:1      | Reached XP level 3. HP: 23/23 MP: 3/3
   651 | D:1      | 651 ||| READING scroll labelled LUTIFI BOICK.
   652 | D:1      | 652 ||| READING scroll labelled LYHI NITUMP.
   653 | D:1      | 653 ||| READING scroll labelled WITWAF KUKI.
   654 | D:1      | 654 ||| READING scroll labelled DUONEX VAZADOE.
   698 | D:2      | Found an iron altar of Okawaru.
   699 | D:2      | 699 ||| PLANNING OKAWARU WORSHIP
   699 | D:2      | 699 ||| STAIRDANCE
   712 | D:2      | Became a worshipper of Warmaster Okawaru
   713 | D:2      | 713 ||| PLANNING D:1-11
   853 | D:2      | 853 ||| Stepping ~*~*~tactically~*~*~ (hiding).
  1095 | D:2      | 1095 ||| Stepping ~*~*~tactically~*~*~ (stealth).
  1127 | D:2      | 1127 ||| Stepping ~*~*~tactically~*~*~ (hiding).
  1201 | D:2      | Reached XP level 4. HP: 28/28 MP: 4/4
  1312 | D:2      | Found a runed translucent door.
  1313 | D:2      | Noticed Crazy Yiuf
  1721 | D:2      | 1721 ||| READING scroll labelled KUCZUNOZ IJOACK.
  1797 | D:2      | 1797 ||| READING scroll labelled HAEMUNG FAULE.
  1864 | D:3      | 1864 ||| READING scroll of enchant weapon.
  1864 | D:3      | 1864 ||| ENCHANTING +1 war axe.
  1936 | D:3      | 1936 ||| Stepping ~*~*~tactically~*~*~ (hiding).
  1937 | D:3      | 1937 ||| Stepping ~*~*~tactically~*~*~ (hiding).
  1972 | D:3      | Reached skill level 4 in Axes
  2134 | D:3      | Noticed Natasha
  2135 | D:3      | 2135 ||| Stepping ~*~*~tactically~*~*~ (hiding).
  2136 | D:3      | 2136 ||| Stepping ~*~*~tactically~*~*~ (hiding).
  2137 | D:3      | 2137 ||| FLEEEEING.
  2138 | D:3      | 2138 ||| FLEEEEING.
  2139 | D:3      | 2139 ||| FLEEEEING.
  2140 | D:3      | 2140 ||| FLEEEEING.
  2141 | D:3      | 2141 ||| FLEEEEING.
  2142 | D:3      | 2142 ||| FLEEEEING.
  2143 | D:3      | 2143 ||| FLEEEEING.
  2144 | D:3      | 2144 ||| FLEEEEING.
  2145 | D:3      | 2145 ||| FLEEEEING.
  2149 | D:3      | 2149 ||| Stepping ~*~*~tactically~*~*~ (hiding).
  2151 | D:3      | 2151 ||| FLEEEEING.
  2152 | D:3      | 2152 ||| FLEEEEING.
  2156 | D:3      | Killed Natasha
  2160 | D:3      | 2160 ||| STAIRDANCE
  2319 | D:2      | 2319 ||| READING 2 scrolls of identify.
  2319 | D:2      | 2319 ||| IDENTIFYING emerald potion
  2562 | D:3      | Noticed Natasha
  2563 | D:3      | 2563 ||| Stepping ~*~*~tactically~*~*~ (stealth).
  2565 | D:3      | 2565 ||| Stepping ~*~*~tactically~*~*~ (hiding).
  2569 | D:3      | Killed Natasha
  2570 | D:3      | Reached XP level 5. HP: 32/32 MP: 5/5
  2729 | D:3      | 2729 ||| READING scroll labelled ZOCHYICZAKH.
  2818 | D:4      | 2818 ||| READING scroll of enchant weapon.
  2818 | D:4      | 2818 ||| ENCHANTING +2 war axe.
  2871 | D:4      | Noticed Duvessa
  2871 | D:4      | Noticed Dowan
  2888 | D:4      | Killed Duvessa
  2888 | D:4      | Killed Dowan
  2888 | D:4      | Reached * piety under Okawaru
  2889 | D:4      | Reached skill level 5 in Axes
  2889 | D:4      | Reached XP level 6. HP: 19/37 MP: 6/6
  2889 | D:4      | 2889 ||| INVOKING Heroism.
  2996 | D:4      | 2996 ||| Stepping ~*~*~tactically~*~*~ (stealth).
  2997 | D:4      | 2997 ||| Stepping ~*~*~tactically~*~*~ (stealth).
  3019 | D:4      | 3019 ||| Stepping ~*~*~tactically~*~*~ (stealth).
  3154 | D:4      | Noticed Edmund
  3156 | D:4      | 3156 ||| INVOKING Heroism.
  3170 | D:4      | Killed Edmund
  3171 | D:4      | 3171 ||| INVOKING Heroism.
  3237 | D:4      | 3237 ||| DROPPING +0 mace.
  3257 | D:4      | Reached skill level 1 in Invocations
  3257 | D:4      | Reached XP level 7. HP: 42/42 MP: 6/8
  3461 | D:4      | Noticed Sigmund
  3462 | D:4      | 3462 ||| Stepping ~*~*~tactically~*~*~ (hiding).
  3464 | D:4      | 3464 ||| INVOKING Heroism.
  3469 | D:4      | Killed Sigmund
  3566 | D:4      | 3566 ||| UPGRADING to ring of resist corrosion.
  3567 | D:4      | 3567 ||| DRINKING 2 amethyst potions.
  3596 | D:4      | 3596 ||| READING 4 scrolls of identify.
  3596 | D:4      | 3596 ||| IDENTIFYING viscous purple potion
  3597 | D:4      | 3597 ||| READING 3 scrolls of identify.
  3597 | D:4      | 3597 ||| IDENTIFYING fizzy puce potion
  3598 | D:4      | 3598 ||| READING 2 scrolls of identify.
  3598 | D:4      | 3598 ||| IDENTIFYING bubbling inky potion
  3599 | D:4      | 3599 ||| DROPPING potion of attraction.
  3600 | D:4      | 3600 ||| DROPPING potion of berserk rage.
  3601 | D:4      | 3601 ||| DROPPING potion of lignification.
  3625 | D:5      | Entered Level 5 of the Dungeon
  3659 | D:5      | 3659 ||| Stepping ~*~*~tactically~*~*~ (stealth).
  3660 | D:5      | 3660 ||| Stepping ~*~*~tactically~*~*~ (stealth).
  3714 | D:5      | Reached skill level 3 in Invocations
  3740 | D:5      | 3740 ||| Stepping ~*~*~tactically~*~*~ (hiding).
  3754 | D:5      | 3754 ||| DRINKING 3 potions of curing.
  3754 | D:5      | 3754 ||| (to cure confusion)
  3758 | D:5      | 3758 ||| DRINKING 2 potions of curing.
  3758 | D:5      | 3758 ||| (to cure confusion)
  3934 | D:5      | 3934 ||| Stepping ~*~*~tactically~*~*~ (stealth).
  3935 | D:5      | 3935 ||| Stepping ~*~*~tactically~*~*~ (stealth).
  3937 | D:5      | 3937 ||| Stepping ~*~*~tactically~*~*~ (hiding).
  3942 | D:5      | 3942 ||| INVOKING Heroism.
  3953 | D:5      | Reached skill level 1 in Dodging
  4156 | D:5      | Reached skill level 6 in Axes
  4286 | D:5      | 4286 ||| Stepping ~*~*~tactically~*~*~ (hiding).
  4289 | D:5      | 4289 ||| INVOKING Heroism.
  4299 | D:5      | Reached XP level 8. HP: 39/48 MP: 8/10
  4335 | D:5      | 4335 ||| DROPPING +1 flail of draining.
  4685 | D:5      | 4685 ||| DROPPING orb of guile.
  4686 | D:5      | 4686 ||| READING scroll labelled TOTIZX YCHOMM.
  4687 | D:5      | 4687 ||| READING 2 scrolls labelled JEENIGOUSE.
  4688 | D:5      | 4688 ||| DRINKING 2 bubbling yellow potions.
  4688 | D:5      | Gained mutation: You have large cloven feet. [potion of
                  | mutation]
  4688 | D:5      | Gained mutation: Your flesh is cold resistant. (rC+)
                  | [potion of mutation]
  4689 | D:5      | 4689 ||| DROPPING scroll of amnesia.
  4715 | D:6      | 4715 ||| Stepping ~*~*~tactically~*~*~ (hiding).
  4721 | D:6      | 4721 ||| INVOKING Heroism.
  4884 | D:6      | Noticed Menkaure
  4885 | D:6      | 4885 ||| INVOKING Heroism.
  4893 | D:6      | Killed Menkaure
  4894 | D:6      | Reached skill level 7 in Axes
  4922 | D:6      | 4922 ||| Stepping ~*~*~tactically~*~*~ (stealth).
  5044 | D:6      | 5044 ||| INVOKING Heroism.
  5661 | D:6      | 5661 ||| Stepping ~*~*~tactically~*~*~ (stealth).
  5665 | D:6      | 5665 ||| Stepping ~*~*~tactically~*~*~ (hiding).
  5848 | D:6      | 5848 ||| READING scroll labelled AFOTAQ BEKHLUR.
  5849 | D:6      | 5849 ||| READING 3 scrolls of identify.
  5849 | D:6      | 5849 ||| IDENTIFYING viscous emerald potion
  5850 | D:6      | 5850 ||| READING 2 scrolls of identify.
  5850 | D:6      | 5850 ||| IDENTIFYING bubbling grey potion
  5984 | D:7      | 5984 ||| Stepping ~*~*~tactically~*~*~ (hiding).
  5995 | D:7      | Reached skill level 8 in Axes
  6009 | D:7      | Reached skill level 6 in Fighting
  6009 | D:7      | Reached XP level 9. HP: 55/55 MP: 12/12
  6010 | D:7      | Reached ** piety under Okawaru
  6075 | D:7      | Found a staircase to the Ecumenical Temple.
  6146 | D:7      | Found a flagged portal.
  6446 | D:7      | 6446 ||| UPGRADING to +0 kite shield.
  6456 | D:7      | 6456 ||| DROPPING +0 buckler.
  6457 | D:7      | 6457 ||| DROPPING scarf of shadows.
  6458 | D:7      | 6458 ||| READING scroll labelled SECVEXTYCS.
  6459 | D:7      | 6459 ||| DRINKING 2 purple potions.
  6460 | D:7      | 6460 ||| DROPPING potion of brilliance.
  6527 | D:8      | 6527 ||| INVOKING Heroism.
  6531 | D:8      | 6531 ||| Stepping ~*~*~tactically~*~*~ (hiding).
  6606 | D:8      | 6606 ||| Stepping ~*~*~tactically~*~*~ (hiding).
  6628 | D:8      | 6628 ||| Stepping ~*~*~tactically~*~*~ (stealth).
  6638 | D:8      | 6638 ||| Stepping ~*~*~tactically~*~*~ (hiding).
  6683 | D:8      | Found Varug's General Store.
  6689 | D:8      | 6689 ||| BUYING potion of enlightenment (70 gold).
  6689 | D:8      | Bought a potion of enlightenment for 70 gold pieces
  6689 | D:8      | 6689 ||| BUYING potion of mutation (112 gold).
  6689 | D:8      | Bought a potion of mutation for 112 gold pieces
  6851 | D:8      | 6851 ||| INVOKING Heroism.
  6862 | D:8      | Reached skill level 6 in Shields
  6862 | D:8      | 6862 ||| FLEEEEING.
  6875 | D:8      | 6875 ||| INVOKING Heroism.
  6879 | D:8      | 6879 ||| FLEEEEING.
  6881 | D:8      | 6881 ||| FLEEEEING.
  6882 | D:8      | 6882 ||| FLEEEEING.
  6883 | D:8      | 6883 ||| FLEEEEING.
  6885 | D:8      | 6885 ||| FLEEEEING.
  6886 | D:8      | 6886 ||| FLEEEEING.
  6890 | D:8      | 6890 ||| FLEEEEING.
  6891 | D:8      | 6891 ||| FLEEEEING.
  6892 | D:8      | 6892 ||| FLEEEEING.
  6893 | D:8      | 6893 ||| FLEEEEING.
  6894 | D:8      | 6894 ||| FLEEEEING.
  6895 | D:8      | 6895 ||| FLEEEEING.
  6896 | D:8      | 6896 ||| FLEEEEING.
  6897 | D:8      | 6897 ||| FLEEEEING.
  6898 | D:8      | 6898 ||| FLEEEEING.
  6899 | D:8      | 6899 ||| FLEEEEING.
  6900 | D:8      | 6900 ||| FLEEEEING.
  6901 | D:8      | 6901 ||| FLEEEEING.
  6902 | D:8      | 6902 ||| FLEEEEING.
  6903 | D:8      | 6903 ||| FLEEEEING.
  6904 | D:8      | 6904 ||| FLEEEEING.
  6907 | D:8      | 6907 ||| FLEEEEING.
  6910 | D:8      | 6910 ||| FLEEEEING.
  6911 | D:8      | 6911 ||| FLEEEEING.
  6912 | D:8      | 6912 ||| FLEEEEING.
  6913 | D:8      | 6913 ||| FLEEEEING.
  6914 | D:8      | 6914 ||| FLEEEEING.
  6915 | D:8      | 6915 ||| FLEEEEING.
  6916 | D:8      | 6916 ||| FLEEEEING.
  6919 | D:8      | 6919 ||| FLEEEEING.
  6920 | D:8      | 6920 ||| FLEEEEING.
  6922 | D:8      | 6922 ||| FLEEEEING.
  6924 | D:8      | 6924 ||| FLEEEEING.
  6925 | D:8      | 6925 ||| FLEEEEING.
  6928 | D:8      | 6928 ||| FLEEEEING.
  6929 | D:8      | 6929 ||| FLEEEEING.
  6930 | D:8      | 6930 ||| FLEEEEING.
  6931 | D:8      | 6931 ||| STAIRDANCE
  7013 | D:7      | 7013 ||| UPGRADING to +0 pair of gloves.
  7018 | D:7      | 7018 ||| READING 3 scrolls of identify.
  7018 | D:7      | 7018 ||| IDENTIFYING fuming emerald potion
  7027 | D:8      | Reached *** piety under Okawaru
  7035 | D:8      | Reached skill level 9 in Axes
  7035 | D:8      | Reached XP level 10. HP: 60/60 MP: 13/13
  7107 | D:8      | 7107 ||| Stepping ~*~*~tactically~*~*~ (stealth).
  7108 | D:8      | 7108 ||| Stepping ~*~*~tactically~*~*~ (stealth).
  7191 | D:8      | 7191 ||| Stepping ~*~*~tactically~*~*~ (stealth).
  7192 | D:8      | 7192 ||| Stepping ~*~*~tactically~*~*~ (stealth).
  7470 | D:8      | 7470 ||| UPGRADING to +1 plate armour of cold resistance.
  7480 | D:8      | 7480 ||| DROPPING +0 scale mail.
  7481 | D:8      | 7481 ||| READING 7 scrolls of identify.
  7481 | D:8      | 7481 ||| IDENTIFYING murky black potion
  7482 | D:8      | 7482 ||| READING 6 scrolls of identify.
  7482 | D:8      | 7482 ||| IDENTIFYING pink potion
  7483 | D:8      | 7483 ||| DROPPING potion of invisibility.
  7484 | D:8      | 7484 ||| DROPPING potion of degeneration.
  7520 | D:9      | 7520 ||| READING scroll of enchant armour.
  7520 | D:9      | 7520 ||| ENCHANTING +0 pair of gloves.
  7570 | D:9      | 7570 ||| Stepping ~*~*~tactically~*~*~ (stealth).
  7580 | D:9      | 7580 ||| INVOKING Heroism.
  7740 | D:9      | 7740 ||| Stepping ~*~*~tactically~*~*~ (hiding).
  7836 | D:9      | Found a white marble altar of Elyvilon.
  7836 | D:9      | Found a sparkling altar of Nemelex Xobeh.
  7880 | D:9      | 7880 ||| Stepping ~*~*~tactically~*~*~ (stealth).
  7883 | D:9      | 7883 ||| Stepping ~*~*~tactically~*~*~ (stealth).
  8007 | D:9      | 8007 ||| INVOKING Heroism.
  8031 | D:9      | 8031 ||| INVOKING Heroism.
  8032 | D:9      | HP: 12/63 [orc warrior/+0 battleaxe (13)]
  8033 | D:9      | 8033 ||| READING 4 scrolls of teleportation.
  8034 | D:9      | 8034 ||| DRINKING potion of heal wounds.
  8115 | D:9      | Noticed a kobold demonologist
  8116 | D:9      | 8116 ||| Stepping ~*~*~tactically~*~*~ (hiding).
  8118 | D:9      | 8118 ||| Stepping ~*~*~tactically~*~*~ (hiding).
  8127 | D:9      | Noticed an orange demon
  8134 | D:9      | Killed a kobold demonologist
  8135 | D:9      | Reached skill level 6 in Armour
  8137 | D:9      | Reached skill level 9 in Shields
  8182 | D:9      | 8182 ||| INVOKING Heroism.
  8300 | D:9      | 8300 ||| Stepping ~*~*~tactically~*~*~ (hiding).
  8304 | D:9      | 8304 ||| INVOKING Heroism.
  8314 | D:9      | Reached **** piety under Okawaru
  8394 | D:9      | Found a staircase to the Lair.
  8396 | D:9      | 8396 ||| INVOKING Heroism.
  8638 | D:9      | Reached skill level 10 in Axes
  8689 | D:9      | 8689 ||| Stepping ~*~*~tactically~*~*~ (hiding).
  8693 | D:9      | 8693 ||| Stepping ~*~*~tactically~*~*~ (hiding).
  8696 | D:9      | 8696 ||| INVOKING Heroism.
  8807 | D:9      | 8807 ||| PLANNING LAIR
  8807 | D:9      | 8807 ||| UPGRADING to ring of willpower.
  8880 | Lair:1   | Entered Level 1 of the Lair of Beasts
  8996 | Lair:1   | 8996 ||| Stepping ~*~*~tactically~*~*~ (stealth).
  9003 | Lair:1   | Reached XP level 11. HP: 56/67 MP: 14/14
  9018 | Lair:1   | Reached skill level 6 in Invocations
  9081 | Lair:1   | 9081 ||| Stepping ~*~*~tactically~*~*~ (hiding).
  9157 | Lair:1   | 9157 ||| Stepping ~*~*~tactically~*~*~ (stealth).
  9161 | Lair:1   | 9161 ||| Stepping ~*~*~tactically~*~*~ (stealth).
  9165 | Lair:1   | 9165 ||| FLEEEEING.
  9166 | Lair:1   | 9166 ||| FLEEEEING.
  9167 | Lair:1   | 9167 ||| FLEEEEING.
  9168 | Lair:1   | 9168 ||| FLEEEEING.
  9169 | Lair:1   | 9169 ||| FLEEEEING.
  9170 | Lair:1   | 9170 ||| FLEEEEING.
  9171 | Lair:1   | 9171 ||| FLEEEEING.
  9172 | Lair:1   | 9172 ||| FLEEEEING.
  9173 | Lair:1   | 9173 ||| FLEEEEING.
  9174 | Lair:1   | 9174 ||| FLEEEEING.
  9175 | Lair:1   | 9175 ||| FLEEEEING.
  9176 | Lair:1   | 9176 ||| FLEEEEING.
  9177 | Lair:1   | 9177 ||| FLEEEEING.
  9178 | Lair:1   | 9178 ||| FLEEEEING.
  9179 | Lair:1   | 9179 ||| FLEEEEING.
  9188 | Lair:1   | 9188 ||| INVOKING Heroism.
  9190 | Lair:1   | Reached skill level 3 in Throwing
  9383 | Lair:1   | 9383 ||| INVOKING Heroism.
  9458 | Lair:1   | 9458 ||| INVOKING Heroism.
  9629 | Lair:1   | 9629 ||| INVOKING Heroism.
  9633 | Lair:1   | Received a gift from Okawaru
  9820 | Lair:1   | 9820 ||| Stepping ~*~*~tactically~*~*~ (stealth).
  9821 | Lair:1   | 9821 ||| INVOKING Heroism.
  9823 | Lair:1   | 9823 ||| Stepping ~*~*~tactically~*~*~ (stealth).
  9826 | Lair:1   | 9826 ||| Stepping ~*~*~tactically~*~*~ (stealth).
  9827 | Lair:1   | 9827 ||| Stepping ~*~*~tactically~*~*~ (stealth).
  9847 | Lair:1   | 9847 ||| INVOKING Heroism.
  9905 | Lair:1   | 9905 ||| INVOKING Heroism.
 10420 | Lair:2   | 10420 ||| INVOKING Heroism.
 10429 | Lair:2   | Reached skill level 11 in Axes
 10442 | Lair:2   | 10442 ||| INVOKING Heroism.
 10445 | Lair:2   | 10445 ||| Stepping ~*~*~tactically~*~*~ (cloud).
 10455 | Lair:2   | 10455 ||| Stepping ~*~*~tactically~*~*~ (cloud).
 10457 | Lair:2   | 10457 ||| Stepping ~*~*~tactically~*~*~ (cloud).
 10512 | Lair:2   | 10512 ||| Stepping ~*~*~tactically~*~*~ (hiding).
 10529 | Lair:2   | You fall into a shaft and drop 1 floor!
 10529 | Lair:3   | Found a gate leading to a gauntlet.
 10530 | Lair:3   | 10530 ||| PLANNING GAUNTLET
 10530 | Lair:3   | 10530 ||| INVOKING Heroism.
 10534 | Lair:3   | Noticed an eight-headed hydra
 10543 | Lair:3   | 10543 ||| SWAPPING to +0 morningstar.
 10546 | Lair:3   | Reached skill level 9 in Invocations
 10548 | Lair:3   | HP: 14/68 [eight-headed hydra (4)]
 10549 | Lair:3   | 10549 ||| READING 4 scrolls of teleportation.
 10549 | Lair:3   | HP: 4/68 [eight-headed hydra (10)]
 10549 | Lair:3   | Slain by an eight-headed hydra

Levels and vault maps discovered:
D:1:      evilmike_arrival_plus, layout_basic, minmay_3d_cube
D:2:      cheibrodos_greedy_goblins, layout_basic, basic_altar,
          uniq_crazy_yiuf_cottage
D:3:      layout_basic, minmay_misc_feat_iff, minmay_misc_feat_enclosed,
          hangedman_abyss_or_decor_lesser_grid, minmay_tree_intersection,
          uniq_natasha
D:4:      layout_loops_cross, serial_glass, glass_columns_b, glass_columns_a,
          glass_columns_a, glass_columns_b, glass_columns_c, glass_columns_a,
          glass_columns_b, glass_columns_c, uniq_duvessa, uniq_sigmund,
          uniq_edmund
D:5:      layout_loops_corners
D:6:      layout_basic, grunt_decor_mini_mirrors, uniq_menkaure
D:7:      layout_cave_pools, minmay_temple_entry_trees, enter_bailey_8
D:8:      layout_loops_ring, serial_shops, shop
D:9:      layout_cave_pools, chequers_temple_overflow_statue_of_worship,
          erik_lair_dragon, special_room [special_room_orc],
          hangedman_abyss_or_decor_clamps
Lair:1:   layout_cave_pods, grunt_megastairs_1
Lair:2:   layout_regular_city, st_stairs_8
Lair:3:   layout_misc_corridors, elwin_shoals_entry_stream,
          minmay_snake_entry_guardpost_small, gauntlet_entry_generic

Skill      XL: |  1  2  3  4  5  6  7  8  9 10 11 |
---------------+----------------------------------+-----
Axes           | 2 3 4 5 6 8 9 10 11 | 11.0
Throwing       | 2 3 |  3.0
Invocations    | 1 3 4 5 9 |  9.0
Fighting       | 4 6 7 8 |  8.0
Dodging        | 1 |  1.0
Shields        | 8 9 |  9.5
Armour         | 6 |  6.6

Action                     |  1- 3 |  4- 6 |  7- 9 | 10-12 || total
---------------------------+-------+-------+-------+-------++-------
  Melee: War axe           |    99 |    77 |   224 |   397 ||   797
         Kick              |       |       |    39 |   100 ||   139
         Morningstar       |       |       |       |     5 ||     5
  Throw: Javelin           |       |     4 |    59 |    73 ||   136
         Boomerang         |       |       |       |    12 ||    12
 Invoke: Heroism           |       |     3 |     9 |    17 ||    29
    Use: Scroll            |     4 |     6 |    10 |     5 ||    25
         Potion            |       |       |     5 |     1 ||     6
 Armour: Scale mail        |    41 |    38 |   110 |     6 ||   195
         Plate armour      |       |       |       |   334 ||   334
  Dodge: Dodged            |    42 |    35 |   101 |   141 ||   319
  Block: Buckler           |    19 |     8 |    21 |       ||    48
         Kite shield       |       |       |    32 |   270 ||   302

Table legend:
 A = Non-vault XP
 B = Vault XP
 C = Vault XP percentage of total XP
 D = Non-vault monster count
 E = Vault monster count
 F = Vault count percentage of total count
                 A         B        C        D         E       F
            +---------+---------+-------+---------+---------+-------
      Total |   14177 |    4064 |  22.3 |     207 |      49 |  19.1
            +---------+---------+-------+---------+---------+-------
        D:1 |      29 |       6 |  17.1 |      16 |       4 |  20.0
        D:2 |      35 |      16 |  31.4 |      16 |       8 |  33.3
        D:3 |      58 |      36 |  38.3 |      11 |       1 |   8.3
        D:4 |     154 |     617 |  80.0 |      10 |       4 |  28.6
        D:5 |     307 |       0 |   0.0 |      21 |       0 |   0.0
        D:6 |     418 |     172 |  29.2 |      11 |       1 |   8.3
        D:7 |     991 |       0 |   0.0 |      21 |       0 |   0.0
        D:8 |    2310 |       0 |   0.0 |      32 |       0 |   0.0
        D:9 |    1978 |    1785 |  47.4 |      37 |      24 |  39.3
     Lair:1 |    5462 |    1432 |  20.8 |      23 |       7 |  23.3
     Lair:2 |    1633 |       0 |   0.0 |       6 |       0 |   0.0
     Lair:3 |     802 |       0 |   0.0 |       3 |       0 |   0.0
            +---------+---------+-------+---------+---------+-------
